 Dungeon Crawl Stone Soup version 0.31-a0-175-g9f7f995f2b (webtiles) character file.

Game seed: 6623240309959777564

100 qw the Chopper (level 4, 0/28 HPs)
             Began as a Gargoyle Fighter on June 16, 2023.
             Slain by Sigmund
             ... wielding a +0 scythe
              (7 damage)
             ... on level 3 of the Dungeon.
             The game lasted 00:01:11 (1993 turns).

qw the Chopper (Gargoyle Fighter)                   Turns: 1993, Time: 00:01:11

Health: 0/28       AC: 10    Str: 21 (22) XL:     4   Next: 73%
Magic:  4/4        EV:  9    Int:  6 (8)  God:
Gold:   42         SH:  4    Dex:  8 (9)  Spells: 3/3 levels left

rFire   . . .        Y - +0 war axe
rCold   . . .        c - +0 buckler
rNeg    + . .        b - +0 scale mail
rPois   inf          (no helmet)
rElec   +            (no cloak)
rCorr   .            (no gloves)
SInv    .            (no boots)
Will    .....        (no amulet) Stlth
                     (no ring)
HPRegen 0.24/turn    (no ring)
MPRegen 0.09/turn

%: no passive effects
@: no status effects
A: sickness immunity, AC +3, negative energy resistance 1, electricity
resistance, torment resistance 1, petrification resistance
a: no special abilities


You were on level 3 of the Dungeon.
You visited 1 branch of the dungeon, and saw 3 of its levels.

You collected 42 gold pieces.


Innate Abilities, Weirdness & Mutations

You are immune to sickness and miasma.
Your stone body is resilient. (AC +3)
You are immune to poison.
You resist negative energy. (rN+)
You are resistant to electric shocks. (rElec)
You are resistant to unholy torment.
You are immune to petrification.


   Skills:
 - Level 3.2 Fighting
 + Level 4.3 Axes
 - Level 3.2 Armour
 - Level 3.2 Shields


You had 3 spell levels left.
You didn't know any spells.
Your spell library was empty.

Inventory:

Hand Weapons
 e - a +0 whip
 Y - a +0 war axe (weapon)
Armour
 b - a +0 scale mail (worn)
 c - a +0 buckler (worn)
Jewellery
 k - a ring of fire
Scrolls
 a - 2 scrolls of identify
 l - a scroll of teleportation
Potions
 d - a potion of might
 f - a potion of resistance
 h - a potion of magic
 i - a potion of mutation
 j - a potion of attraction

Dungeon Overview and Level Annotations

Branches:
Dungeon (3/15)

Altars:
Sif Muna
Trog

Annotations:
D:3 Sigmund


Message History

You hear some strange, mumbled words.
Something tries to affect you, but you resist.
The adder bites you but does no damage.
You hear some strange, mumbled words.
You are more confused.
The adder barely misses you. The adder bites you. Something hits you.
The adder bites you but does no damage. The adder closely misses you.
Something completely misses you. The adder bites you but does no damage.
The adder barely misses you.
You hear some strange, mumbled words.
Something tries to affect you, but you resist.
The adder bites you but does no damage. Something hits you!
1982 ||| DRINKING potion of heal wounds.
You feel much better. The adder barely misses you. The adder barely misses you.
Something hits you but does no damage. The adder bites you but does no damage.
The adder closely misses you. Something hits you.
The adder bites you but does no damage. The adder bites you.
Something hits you! The adder bites you but does no damage.
You feel less confused. The adder bites you but does no damage.
Something hits you.
You hit the adder.
The adder is severely wounded.
The adder bites you. The adder bites you but does no damage.
You barely miss the adder.
The adder is severely wounded.
Something hits you. The adder bites you but does no damage.
You slash the adder!
You kill the adder!
You hear some strange, mumbled words.
Something tries to affect you, but you resist.
Something hits you.
You swing at nothing.
You swing at nothing.
Something hits you.
You swing at nothing.
Something hits you!
You die...

....#.# #.#........#..#....#
.####.# #..........#..#....#
......#####........#..######
...................#..#
......###..........#...
......# #..........#....
......# #.#...####.##...
......###...............
............##..@.{###
............#####..#
............. ..#
............ ....
....#...... .....
....#...... .......
........... .......
#.......... .....#.


There were no monsters in sight!

Vanquished Creatures
  4 adders
  2 worms (D:2)
  A dart slug (D:2)
  An orc (D:3)
  4 endoplasms
  3 giant cockroaches (D:1)
  2 goblins (D:1)
  5 hobgoblins
  4 jackals (D:2)
  5 quokkas
  8 ball pythons
  4 bats (D:1)
  2 frilled lizards (D:1)
  3 kobolds (D:2)
  4 rats
52 creatures vanquished.

Notes
Turn   | Place    | Note
-------+----------+-------------------------------------------
     0 | D:1      | qw the Gargoyle Fighter began the quest for the Orb.
     0 | D:1      | Reached XP level 1. HP: 14/14 MP: 1/1
     0 | D:1      | Noticed a minotaur zombie
     0 | D:1      | 0 ||| qw: Version: 0.2-a-29-g511e9b1
     0 | D:1      | 0 ||| qw: Game counter: 5851
     0 | D:1      | 0 ||| qw: Always use a shield: true
     0 | D:1      | 0 ||| qw: God list: Okawaru
     0 | D:1      | 0 ||| qw: Allow faded altars: false
     0 | D:1      | 0 ||| qw: Do Orc after D:15 true
     0 | D:1      | 0 ||| qw: Do second Lair branch before Depths: true
     0 | D:1      | 0 ||| qw: Lair rune preference: random
     0 | D:1      | 0 ||| qw: Plans: Normal, Zot:1-4, Slime:5, God:TSO, Crypt,
                  | Tomb, Abyss, Pan, Hells, Win
     0 | D:1      | 0 ||| PLANNING D:1-11
     7 | D:1      | Noticed a merfolk zombie
     9 | D:1      | Noticed a merfolk zombie
    11 | D:1      | Noticed a demonspawn zombie
    47 | D:1      | Reached skill level 2 in Axes
   150 | D:1      | Reached XP level 2. HP: 19/19 MP: 2/2
   152 | D:1      | Found a faded altar of an unknown god.
   306 | D:1      | 306 ||| Stepping ~*~*~tactically~*~*~ (stealth).
   494 | D:1      | Reached skill level 3 in Axes
   588 | D:1      | Reached XP level 3. HP: 21/23 MP: 3/3
   657 | D:1      | 657 ||| READING 2 scrolls labelled REOHUCRAMP.
   658 | D:1      | 658 ||| READING scroll labelled VULEATSUTAK.
   661 | D:1      | 661 ||| READING scroll labelled BASHUU BEOCIKLE.
  1014 | D:2      | 1014 ||| READING scroll labelled UJYXTY YCAM.
  1015 | D:2      | 1015 ||| DRINKING 2 black potions.
  1016 | D:2      | 1016 ||| Stepping ~*~*~tactically~*~*~ (stealth).
  1133 | D:2      | 1133 ||| Stepping ~*~*~tactically~*~*~ (hiding).
  1134 | D:2      | 1134 ||| Stepping ~*~*~tactically~*~*~ (hiding).
  1267 | D:2      | 1267 ||| Stepping ~*~*~tactically~*~*~ (stealth).
  1290 | D:2      | 1290 ||| Stepping ~*~*~tactically~*~*~ (stealth).
  1304 | D:2      | 1304 ||| Stepping ~*~*~tactically~*~*~ (hiding).
  1311 | D:2      | Reached XP level 4. HP: 28/28 MP: 4/4
  1551 | D:2      | 1551 ||| DRINKING 2 metallic yellow potions.
  1552 | D:2      | 1552 ||| DRINKING 2 clear potions.
  1553 | D:2      | 1553 ||| READING 3 scrolls of identify.
  1553 | D:2      | 1553 ||| IDENTIFYING sapphire potion
  1554 | D:2      | 1554 ||| READING 2 scrolls of identify.
  1554 | D:2      | 1554 ||| IDENTIFYING lumpy dark potion
  1555 | D:2      | 1555 ||| DROPPING potion of degeneration.
  1580 | D:3      | 1580 ||| STAIRDANCE
  1659 | D:3      | 1659 ||| FLEEEEING.
  1660 | D:3      | 1660 ||| FLEEEEING.
  1669 | D:3      | 1669 ||| STAIRDANCE
  1721 | D:2      | 1721 ||| READING 2 scrolls of identify.
  1721 | D:2      | 1721 ||| IDENTIFYING green potion
  1763 | D:3      | Reached skill level 4 in Axes
  1767 | D:3      | Found a shimmering blue altar of Sif Muna.
  1808 | D:3      | Found a bloodstained altar of Trog.
  1955 | D:3      | Noticed Sigmund
  1981 | D:3      | HP: 5/28 [something (7)]
  1982 | D:3      | 1982 ||| DRINKING potion of heal wounds.
  1992 | D:3      | HP: 7/28 [something (1)]
  1993 | D:3      | Slain by Sigmund

Levels and vault maps discovered:
D:1:      shiori_arrival_whats_in_store_for_you, layout_loops_ring,
          chequers_ecumenical_altar_island
D:2:      layout_basic, st_stairs_9, chequers_big_river
D:3:      layout_basic, evilmike_ruin_ashenzari, nicolae_sif_muna_condensation,
          mainiacjoe_overflow_paths, uniq_robin, uniq_ijyb, uniq_sigmund

Skill      XL: |  1  2  3  4 |
---------------+-------------+-----
Axes           | 2 3 4 |  4.3
Fighting       | |  3.2
Armour         | |  3.2
Shields        | |  3.2

Action                     |  1- 3 |  4- 6 || total
---------------------------+-------+-------++-------
  Melee: War axe           |   100 |    58 ||   158
    Use: Scroll            |     4 |     3 ||     7
         Potion            |     1 |     3 ||     4
 Armour: Scale mail        |    53 |    50 ||   103
  Dodge: Dodged            |    27 |    38 ||    65
  Block: Buckler           |    13 |    12 ||    25

Table legend:
 A = Non-vault XP
 B = Vault XP
 C = Vault XP percentage of total XP
 D = Non-vault monster count
 E = Vault monster count
 F = Vault count percentage of total count
                 A         B        C        D         E       F
            +---------+---------+-------+---------+---------+-------
      Total |     124 |      19 |  13.3 |      49 |       3 |   5.8
            +---------+---------+-------+---------+---------+-------
        D:1 |      39 |       0 |   0.0 |      24 |       0 |   0.0
        D:2 |      34 |      19 |  35.8 |      16 |       3 |  15.8
        D:3 |      51 |       0 |   0.0 |       9 |       0 |   0.0
            +---------+---------+-------+---------+---------+-------
